 Dungeon Crawl Stone Soup version 0.27.1-1-g398f81649c (webtiles) character file.

Game seed: 8208558025893760963

94 Autumnman the Chopper (level 4, 0/41 HPs)
             Began as a Minotaur Berserker on Sept 10, 2021.
             Was a Believer of Trog.
             Slain by Grinder (1 damage)
             ... while paralysed by Grinder
             ... on level 3 of the Dungeon.
             The game lasted 00:05:08 (2032 turns).

Autumnman the Chopper (Minotaur Berserker)          Turns: 2032, Time: 00:05:09

Health: 0/41       AC:  2    Str: 23    XL:     4   Next: 38%
Magic:  3/3        EV:  2    Int:  4    God:    Trog [**....]
Gold:   77         SH:  0    Dex:  9    Spells: 3/3 levels left

rFire    . . .     SeeInvis .   a - +0 hand axe
rCold    . . .     Faith    .   (no shield)
rNeg     + . .     Spirit   .   b - +0 animal skin
rPois    .         Reflect  .   (helmet restricted)
rElec    .         Harm     .   (no cloak)
rCorr    .         Rampage  .   (no gloves)
Will     .....                  (no boots)
Stlth    +.........             (no amulet)
HPRegen  0.13/turn              l - ring of positive energy
MPRegen  0.08/turn              (no ring)

@: paralysed
A: horns 2, retaliatory headbutt
a: Renounce Religion, Berserk, Trog's Hand


You were on level 3 of the Dungeon.
You worshipped Trog.
Trog was pleased with you.
You visited 1 branch of the dungeon, and saw 3 of its levels.

You collected 77 gold pieces.

Inventory:

Hand Weapons
 a - a +0 hand axe (weapon)
Armour
 b - a +0 animal skin (worn)
Jewellery
 c - a ring of magical power
 l - a ring of positive energy (left hand)
Wands
 j - a wand of acid (6)
Potions
 d - a potion of mutation {unknown}
 e - a potion of curing
 f - a potion of haste {unknown}
 g - a potion of heal wounds {unknown}
 i - a potion of degeneration


   Skills:
 + Level 4.3 Fighting
 + Level 4.8 Axes
 + Level 3.1 Armour
 + Level 3.0 Dodging
 + Level 0.4 Stealth


You had 3 spell levels left.
You didn't know any spells.
Your spell library was empty.

Dungeon Overview and Level Annotations

Branches:
Dungeon (3/15)

Altars:

Annotations:
D:3 Grinder


Innate Abilities, Weirdness & Mutations

You have a pair of horns on your head.
You reflexively headbutt those who attack you in melee.


Message History

You slash Grinder!
Grinder is moderately wounded.
Grinder hits you.
You closely miss Grinder.
Grinder is moderately wounded.
Grinder gestures at you. Pain shoots through your body!
You hit Grinder. Your headbutt misses Grinder.
Grinder is moderately wounded.
Grinder closely misses you. You furiously retaliate!
You headbutt Grinder! You hit Grinder but do no damage.
Grinder is severely wounded.
Grinder hits you.
You hit Grinder.
Grinder is almost dead.
Grinder misses you.
You closely miss Grinder. Your headbutt misses Grinder.
Grinder is almost dead.
Grinder misses you.
You hit Grinder but do no damage.
Grinder is almost dead.
Grinder barely misses you.
You hit Grinder but do no damage.
Grinder is almost dead.
Grinder closely misses you.
You closely miss Grinder. Your headbutt misses Grinder.
Grinder is almost dead.
Grinder hits you.
You barely miss Grinder.
Grinder is almost dead.
Grinder gestures at you.
You suddenly lose the ability to move!
Grinder hits you.
You writhe in agony.
Grinder hits you.
You writhe in agony.
Grinder hits you!
* * * LOW HITPOINT WARNING * * *
Grinder hits you!
* * * LOW HITPOINT WARNING * * *
You writhe in agony.
You die...

#.# #.# #.#.# #.#
#.#.## #.#
#....##### #.#
##........ #†#
#$......# #.#
#.......# #.#
#....5(.# #.######
#.@.# #......#
#...# ######.#
##.## #.# #.# #.#
#.# #.# #.# #####
#.########†#......
#............#
###.##########


You could see Grinder.

Vanquished Creatures
  3 adders (D:2)
  A dart slug (D:1)
  2 worms (D:2)
  9 bats
  4 endoplasms
  2 giant cockroaches (D:1)
  7 goblins
  3 hobgoblins
  3 jackals (D:2)
  2 quokkas
  9 ball pythons
  5 frilled lizards
  3 kobolds (D:2)
  5 rats
58 creatures vanquished.

Notes
Turn   | Place    | Note
-------+----------+-------------------------------------------
     0 | D:1      | Autumnman the Minotaur Berserker began the quest for the
                  | Orb.
     0 | D:1      | Reached XP level 1. HP: 19/19 MP: 0/0
   244 | D:1      | Reached XP level 2. HP: 27/27 MP: 1/1
   886 | D:1      | Reached XP level 3. HP: 30/33 MP: 2/2
  1057 | D:2      | Reached ** piety under Trog
  1374 | D:2      | Reached XP level 4. HP: 36/40 MP: 3/3
  2010 | D:3      | Noticed Grinder
  2028 | D:3      | Paralysed by Grinder for 7 turns
  2032 | D:3      | HP: 1/41 [Grinder (9)]
  2032 | D:3      | Slain by Grinder

Illustrated notes

Levels and vault maps discovered:
D:1:      psy_arrival_conway, layout_basic, st_stairs_2
D:2:      layout_rooms, st_stairs_7, kennysheep_generic_room_10
D:3:      layout_loops_ring, mainiacjoe_overflow_catwalk_spiral, uniq_grinder

Skill      XL: |  1  2  3  4 |
---------------+-------------+-----
Axes           | 4 |  4.8
Fighting       | 4 |  4.3
Armour         | 3 |  3.1
Dodging        | 3 |  3.0
Stealth        | |  0.4

Action                   |  1- 3 |  4- 6 || total
-------------------------+-------+-------++-------
Melee: Hand axe          |    69 |    29 ||    98
       Headbutt          |    12 |     2 ||    14
Invok: Berserk           |     1 |     1 ||     2
  Use: Scroll            |       |     6 ||     6
 Stab: Sleeping          |       |     1 ||     1
Armor: Animal skin       |     9 |     1 ||    10
Dodge: Dodged            |    54 |    16 ||    70
